| TOP OF THE 1ST |
|
Texas Rangers batting - Pitching for Boston Red Sox : RHP Dick Ruthven
|
|
Pitching: RHP Dick Ruthven
|
|
|
Batting: RHB Joe Charboneau
|
0-0: Ball 1-0: Ball 2-0: Called Strike 2-1: Ball 3-1: Reached on error, E5 (Groundball, 5L, EV 87.5 MPH)
|
|
Batting: RHB Juan Rodriguez
|
0-0: Ball 1-0: Ground out 5-3 (Groundball, 56, EV 85.6 MPH) Joe Charboneau to second
|
|
Batting: LHB Jody Helser
|
0-0: Ball 1-0: Ball 2-0: Swinging Strike 2-1: Called Strike 2-2: Foul Ball, location: 2F 2-2: Foul Ball, location: 2F 2-2: Strikes out swinging
|
|
Batting: RHB Steve Garvey
|
0-0: Foul Ball, location: 2F 0-1: DOUBLE (Line Drive, 89XD, EV 106.3 MPH) Joe Charboneau scores
|
|
Batting: RHB Steve Balboni
|
0-0: Ball 1-0: Ball 2-0: Foul Ball, location: 2F 2-1: SINGLE (Groundball, 4D, EV 109.4 MPH) Steve Garvey to third Runner from 3rd tries for Home, SAFE, throw by CF to home
|
|
Batting: RHB George A Bell
|
0-0: Called Strike 0-1: Called Strike 0-2: Fly out, F7 (Flyball, 7, EV 89.4 MPH)
|
| Top of the 1st over - 2 runs, 2 hits, 1 error, 1 left on base; Texas 2 - Boston 0 |
| BOTTOM OF THE 1ST |
|
Boston Red Sox batting - Pitching for Texas Rangers : RHP Catfish Hunter
|
|
Pitching: RHP Catfish Hunter
|
|
|
Batting: SHB Dave Collins
|
0-0: Called Strike 0-1: Swinging Strike 0-2: Ball 1-2: Ground out 6-3 (Groundball, 6, EV 104.4 MPH)
|
|
Batting: LHB Willie Aikens
|
0-0: Ground out 6-3 (Groundball, 6, EV 106.9 MPH)
|
|
Batting: RHB Jeff Burroughs
|
0-0: Ball 1-0: Called Strike 1-1: Swinging Strike 1-2: Foul Ball, location: 2F 1-2: Ball 2-2: Foul Ball, location: 2F 2-2: SINGLE (Groundball, 3D, EV 95.0 MPH)
|
|
Batting: LHB George Brett
|
0-0: Fly out, F6 (Flyball, 56D, EV 85.6 MPH)
|
| Bottom of the 1st over - 0 runs, 1 hit, 0 errors, 1 left on base; Texas 2 - Boston 0 |
| TOP OF THE 2ND |
|
Texas Rangers batting - Pitching for Boston Red Sox : RHP Dick Ruthven
|
|
Batting: LHB Richie Hebner
|
0-0: Ball 1-0: Called Strike 1-1: Called Strike 1-2: Foul Ball, location: 2F 1-2: Fly out, F7 (Flyball, 7LS, EV 70.6 MPH)
|
|
Batting: LHB Ernie Whitt
|
0-0: Called Strike 0-1: Foul Ball, location: 2F 0-2: Ball 1-2: Fly out, F4 (Popup, 13S, EV 92.5 MPH)
|
|
Batting: RHB Juan Samuel
|
0-0: Called Strike 0-1: Ball 1-1: SINGLE (Line Drive, 34, EV 101.3 MPH)
|
|
Batting: RHB Joe Charboneau
|
0-0: Ball 1-0: Ball 2-0: Called Strike 2-1: Foul Ball, location: 2F 2-2: Fly out, F4 (Flyball, 34D, EV 91.9 MPH)
|
| Top of the 2nd over - 0 runs, 1 hit, 0 errors, 1 left on base; Texas 2 - Boston 0 |
| BOTTOM OF THE 2ND |
|
Boston Red Sox batting - Pitching for Texas Rangers : RHP Catfish Hunter
|
|
Batting: LHB Claudell Washington
|
0-0: SINGLE (Groundball, 25, EV 71.9 MPH) (infield hit)
|
|
Batting: SHB Scotti Madison
|
0-0: 2-RUN HOME RUN (Flyball, 9D, EV 100.6 MPH), Distance : 394 ft
|
|
Batting: LHB Daryl Sconiers
|
0-0: Called Strike 0-1: Foul Ball, location: 2F 0-2: Strikes out swinging
|
|
Batting: RHB Kevin Klettke
|
0-0: Called Strike 0-1: Ball 1-1: SOLO HOME RUN (Flyball, 8RXD, EV 109.4 MPH), Distance : 452 ft
|
|
Batting: SHB Nelson Norman
|
0-0: Swinging Strike 0-1: Ball 1-1: Foul Ball, location: 2F 1-2: Strikes out swinging
|
|
Batting: SHB Dave Collins
|
0-0: Called Strike 0-1: Ball 1-1: Foul Ball, location: 2F 1-2: Ball 2-2: Fly out, F9 (Flyball, 9S, EV 74.4 MPH)
|
| Bottom of the 2nd over - 3 runs, 3 hits, 0 errors, 0 left on base; Texas 2 - Boston 3 |
| TOP OF THE 3RD |
|
Texas Rangers batting - Pitching for Boston Red Sox : RHP Dick Ruthven
|
|
Batting: RHB Juan Rodriguez
|
0-0: Fly out, F3 (Popup, 3SF, EV 82.5 MPH)
|
|
Batting: LHB Jody Helser
|
0-0: Ball 1-0: Foul Ball, location: 2F 1-1: Ground out 4-3 (Groundball, 4, EV 111.9 MPH)
|
|
Batting: RHB Steve Garvey
|
0-0: Called Strike 0-1: Fly out, F9 (Flyball, 9S, EV 85.6 MPH)
|
| Top of the 3rd over - 0 runs, 0 hits, 0 errors, 0 left on base; Texas 2 - Boston 3 |
| BOTTOM OF THE 3RD |
|
Boston Red Sox batting - Pitching for Texas Rangers : RHP Catfish Hunter
|
|
Batting: LHB Willie Aikens
|
0-0: Fly out, F7 (Flyball, 7LS, EV 90.0 MPH)
|
|
Batting: RHB Jeff Burroughs
|
0-0: Fly out, F8 (Flyball, 89D, EV 80.6 MPH)
|
|
Batting: LHB George Brett
|
0-0: Ball 1-0: Called Strike 1-1: Called Strike 1-2: Ground out 6-3 (Groundball, 56, EV 88.1 MPH)
|
| Bottom of the 3rd over - 0 runs, 0 hits, 0 errors, 0 left on base; Texas 2 - Boston 3 |
| TOP OF THE 4TH |
|
Texas Rangers batting - Pitching for Boston Red Sox : RHP Dick Ruthven
|
|
Batting: RHB Steve Balboni
|
0-0: DOUBLE (Line Drive, 78D, EV 108.1 MPH)
|
|
Batting: RHB George A Bell
|
0-0: Ground out 5-3 (Groundball, 5S, EV 85.6 MPH)
|
|
Batting: LHB Richie Hebner
|
0-0: Called Strike 0-1: Ball 1-1: Foul Ball, location: 2F 1-2: Strikes out swinging
|
|
Batting: LHB Ernie Whitt
|
0-0: Swinging Strike 0-1: Ball 1-1: Ball 2-1: Foul Ball, location: 2F 2-2: Ground out 5-3 (Groundball, 56S, EV 90.0 MPH)
|
| Top of the 4th over - 0 runs, 1 hit, 0 errors, 1 left on base; Texas 2 - Boston 3 |
| BOTTOM OF THE 4TH |
|
Boston Red Sox batting - Pitching for Texas Rangers : RHP Catfish Hunter
|
|
Batting: LHB Claudell Washington
|
0-0: Called Strike 0-1: Foul Ball, location: 2F 0-2: DOUBLE (Line Drive, 9LD, EV 110.0 MPH) - OUT at third base trying to stretch hit.
|
|
Batting: SHB Scotti Madison
|
0-0: Ground out 4-3 (Groundball, 4S, EV 83.8 MPH)
|
|
Batting: LHB Daryl Sconiers
|
0-0: Called Strike 0-1: Fly out, F2 (Popup, 15S, EV 89.4 MPH)
|
| Bottom of the 4th over - 0 runs, 1 hit, 0 errors, 0 left on base; Texas 2 - Boston 3 |
| TOP OF THE 5TH |
|
Texas Rangers batting - Pitching for Boston Red Sox : RHP Dick Ruthven
|
|
Batting: RHB Juan Samuel
|
0-0: Called Strike 0-1: Ball 1-1: Ball 2-1: SINGLE (Groundball, 56, EV 100.0 MPH)
|
|
Batting: RHB Joe Charboneau
|
0-0: Called Strike 0-1: Swinging Strike 0-2: Foul Ball, location: 2F 0-2: Ball 1-2: Foul Ball, location: 2F 1-2: Foul Ball, location: 2F 1-2: Foul Ball, location: 2F 1-2: Foul Ball, location: 2F 1-2: Fly out, F4 (Flyball, 3D, EV 95.0 MPH)
|
|
Batting: RHB Juan Rodriguez
|
0-0: Fly out, F9 (Flyball, 9LS, EV 80.0 MPH)
|
|
Batting: LHB Jody Helser
|
0-0: Ground out 4-3 (Groundball, 4, EV 108.1 MPH)
|
| Top of the 5th over - 0 runs, 1 hit, 0 errors, 1 left on base; Texas 2 - Boston 3 |
| BOTTOM OF THE 5TH |
|
Boston Red Sox batting - Pitching for Texas Rangers : RHP Catfish Hunter
|
|
Batting: RHB Kevin Klettke
|
0-0: Ball 1-0: Ball 2-0: Called Strike 2-1: Fly out, F9 (Flyball, 89S, EV 90.0 MPH)
|
|
Batting: SHB Nelson Norman
|
0-0: Ball 1-0: Foul Ball, location: 2F 1-1: Ground out U3 (Groundball, 3, EV 77.5 MPH)
|
|
Batting: SHB Dave Collins
|
0-0: Fly out, F7 (Flyball, 78S, EV 93.8 MPH)
|
| Bottom of the 5th over - 0 runs, 0 hits, 0 errors, 0 left on base; Texas 2 - Boston 3 |
| TOP OF THE 6TH |
|
Texas Rangers batting - Pitching for Boston Red Sox : RHP Dick Ruthven
|
|
Batting: RHB Steve Garvey
|
0-0: Ball 1-0: Ground out 4-3 (Groundball, 4, EV 105.0 MPH)
|
|
Batting: RHB Steve Balboni
|
0-0: Ball 1-0: Ground out 5-3 (Groundball, 56, EV 83.8 MPH)
|
|
Batting: RHB George A Bell
|
0-0: Swinging Strike 0-1: Ball 1-1: SINGLE (Groundball, 6M, EV 98.1 MPH) (infield hit)
|
|
Batting: LHB Richie Hebner
|
0-0: Called Strike George A Bell steals 2nd base 0-1: Ball 1-1: Swinging Strike 1-2: Fly out, F8 (Line Drive, 8LM, EV 98.8 MPH)
|
| Top of the 6th over - 0 runs, 1 hit, 0 errors, 1 left on base; Texas 2 - Boston 3 |
| BOTTOM OF THE 6TH |
|
Boston Red Sox batting - Pitching for Texas Rangers : RHP Catfish Hunter
|
|
Batting: LHB Willie Aikens
|
0-0: Called Strike 0-1: Called Strike 0-2: Ball 1-2: Ground out 4-3 (Groundball, 4, EV 83.8 MPH)
|
|
Batting: RHB Jeff Burroughs
|
0-0: Ball 1-0: Called Strike 1-1: Fly out, F7 (Flyball, 7S, EV 85.0 MPH)
|
|
Batting: LHB George Brett
|
0-0: Foul Ball, location: 2F 0-1: Ball 1-1: DOUBLE (Groundball, 3L, EV 100.6 MPH)
|
|
Batting: LHB Claudell Washington
|
0-0: Ground out 4-3 (Groundball, 4, EV 86.3 MPH)
|
| Bottom of the 6th over - 0 runs, 1 hit, 0 errors, 1 left on base; Texas 2 - Boston 3 |
| TOP OF THE 7TH |
|
Texas Rangers batting - Pitching for Boston Red Sox : RHP Dick Ruthven
|
|
Batting: LHB Ernie Whitt
|
0-0: Swinging Strike 0-1: Foul Ball, location: 2F 0-2: Ball 1-2: SINGLE (Line Drive, 6D, EV 96.3 MPH)
|
|
Batting: RHB Juan Samuel
|
0-0: Called Strike 0-1: Ball 1-1: Foul Ball, location: 2F 1-2: Fly out, F3 (Popup, 3SF, EV 73.8 MPH)
|
|
Pinch Hitting: SHB Ron Roenicke
|
0-0: Called Strike 0-1: Swinging Strike 0-2: Ball 1-2: Ball 2-2: Ball 3-2: Foul Ball, location: 2F 3-2: Foul Ball, location: 2F 3-2: Base on Balls Ernie Whitt to second
|
|
Pitching: LHP Kenneth Kollmyer
|
|
|
Batting: RHB Juan Rodriguez
|
0-0: Ball 1-0: Ball 2-0: Ball 3-0: Called Strike 3-1: Foul Ball, location: 2F 3-2: Base on Balls Ernie Whitt to third Ron Roenicke to second
|
|
Batting: LHB Jody Helser
|
0-0: Called Strike 0-1: Called Strike 0-2: Ball Wild Pitch! Ernie Whitt scores Ron Roenicke to third Juan Rodriguez to second 1-2: Strikes out swinging
|
|
Batting: RHB Steve Garvey
|
0-0: Ball 1-0: Ball 2-0: Called Strike 2-1: Fly out, F7 (Flyball, 7LS, EV 87.5 MPH)
|
| Top of the 7th over - 1 run, 1 hit, 0 errors, 2 left on base; Texas 3 - Boston 3 |
| BOTTOM OF THE 7TH |
|
Boston Red Sox batting - Pitching for Texas Rangers : RHP Catfish Hunter
|
|
Now in CF: Ron Roenicke
|
|
|
Batting: SHB Scotti Madison
|
0-0: Called Strike 0-1: Ball 1-1: Ball 2-1: Foul Ball, location: 2F 2-2: Foul Ball, location: 2F 2-2: Ball 3-2: Base on Balls
|
|
Batting: LHB Daryl Sconiers
|
0-0: Called Strike 0-1: Fly out, F3 (Popup, 34S, EV 81.3 MPH)
|
|
Batting: RHB Kevin Klettke
|
0-0: Ball 1-0: Ball 2-0: Grounds into double play, 4-6-3 (Groundball, 4, EV 89.4 MPH)
|
| Bottom of the 7th over - 0 runs, 0 hits, 0 errors, 0 left on base; Texas 3 - Boston 3 |
| TOP OF THE 8TH |
|
Texas Rangers batting - Pitching for Boston Red Sox : LHP Kenneth Kollmyer
|
|
Batting: RHB Steve Balboni
|
0-0: Foul Ball, location: 2F 0-1: Ball 1-1: Swinging Strike 1-2: Strikes out swinging
|
|
Batting: RHB George A Bell
|
0-0: Ball 1-0: Ball 2-0: Ball 3-0: Base on Balls
|
|
Batting: LHB Richie Hebner
|
0-0: 2-RUN HOME RUN (Flyball, 89XD, EV 101.9 MPH), Distance : 455 ft
|
|
Batting: LHB Ernie Whitt
|
0-0: Fly out, F8 (Line Drive, 78M, EV 100.0 MPH)
|
|
Batting: RHB Juan Samuel
|
0-0: DOUBLE (Line Drive, 78M, EV 112.5 MPH)
|
|
Batting: SHB Ron Roenicke
|
0-0: Foul Ball, location: 2F 0-1: Foul Ball, location: 2F 0-2: Ball 1-2: Foul Ball, location: 2F 1-2: Ball 2-2: Strikes out looking
|
| Top of the 8th over - 2 runs, 2 hits, 0 errors, 1 left on base; Texas 5 - Boston 3 |
| BOTTOM OF THE 8TH |
|
Boston Red Sox batting - Pitching for Texas Rangers : RHP Catfish Hunter
|
|
Batting: SHB Nelson Norman
|
0-0: Ball 1-0: Fly out, F7 (Line Drive, 7, EV 99.4 MPH)
|
|
Batting: SHB Dave Collins
|
0-0: Called Strike 0-1: Ball 1-1: Ball 2-1: Foul Ball, location: 2F 2-2: Fly out, F9 (Flyball, 9S, EV 87.5 MPH)
|
|
Batting: LHB Willie Aikens
|
0-0: Ball 1-0: Ball 2-0: Ball 3-0: Base on Balls
|
|
Batting: RHB Jeff Burroughs
|
0-0: Foul Ball, location: 2F 0-1: Called Strike 0-2: Ball 1-2: Ball 2-2: Ball 3-2: Ground out 4-3 (Groundball, 4, EV 86.3 MPH)
|
| Bottom of the 8th over - 0 runs, 0 hits, 0 errors, 1 left on base; Texas 5 - Boston 3 |
| TOP OF THE 9TH |
|
Texas Rangers batting - Pitching for Boston Red Sox : LHP Kenneth Kollmyer
|
|
Batting: RHB Juan Rodriguez
|
0-0: Ball 1-0: Fly out, F8 (Flyball, 8RXD, EV 92.5 MPH)
|
|
Batting: LHB Jody Helser
|
0-0: Foul Ball, location: 2F 0-1: Foul Ball, location: 2F 0-2: Foul Ball, location: 2F 0-2: Strikes out swinging
|
|
Batting: RHB Steve Garvey
|
0-0: Ground out 6-3 (Groundball, 6, EV 86.3 MPH)
|
| Top of the 9th over - 0 runs, 0 hits, 0 errors, 0 left on base; Texas 5 - Boston 3 |
| BOTTOM OF THE 9TH |
|
Boston Red Sox batting - Pitching for Texas Rangers : RHP Catfish Hunter
|
|
Batting: LHB George Brett
|
0-0: Called Strike 0-1: Fly out, F3 (Popup, 3S, EV 76.3 MPH)
|
|
Batting: LHB Claudell Washington
|
0-0: Ball 1-0: Foul Ball, location: 2F 1-1: Ball 2-1: Swinging Strike 2-2: Ball 3-2: Base on Balls
|
|
Batting: SHB Scotti Madison
|
0-0: Ball 1-0: Ball 2-0: Foul Ball, location: 2F 2-1: Swinging Strike 2-2: Ball 3-2: SINGLE (Line Drive, 56D, EV 97.5 MPH) Claudell Washington to second
|
|
Pitching: RHP Kent Tekulve
|
|
|
Pinch Hitting: SHB Reggie Smith
|
0-0: Fly out, F8 (Flyball, 8LD, EV 101.9 MPH)
|
|
Pinch Hitting: RHB Richie Zisk
|
0-0: Fly out, F9 (Flyball, 9LS, EV 93.8 MPH)
|
| Bottom of the 9th over - 0 runs, 1 hit, 0 errors, 2 left on base; Texas 5 - Boston 3 |
|